 Dungeon Crawl Stone Soup version 0.17-a0-1831-gaadb308 (webtiles) character file.

893 ololoev the Destroyer (level 7, 43/50 HPs)
             Began as a Mottled Draconian Conjurer on Sept 14, 2015.
             Quit the game on level 3 of the Dungeon.
             The game lasted 00:09:57 (4160 turns).

ololoev the Destroyer (Mottled Draconian Conjurer)  Turns: 4160, Time: 00:09:57

Health: 43/50      AC: 12    Str: 11    XL:     7   Next: 78%
Magic:  3/14       EV: 12    Int: 17    God:
Gold:   212        SH:  0    Dex: 11    Spells: 2 memorised, 12 levels left

rFire  . . .     SeeInvis .     p - +2 morningstar (protect)
rCold  . . .     Clarity  .     (armour unavailable)
rNeg   . . .     SustAt   .     (no shield)
rPois  .         Gourm    .     (helmet restricted)
rElec  .         Spirit   .     q - +0 cloak
rCorr  .         Warding  .     (no gloves)
rMut   .         Stasis   .     (no boots)
MR     .....                    (no amulet)
Stlth  ++........               (no ring)
                                (no ring)

@: not resistant to hostile enchantments, unstealthy
A: breathe sticky flame splash, unfitting armour, big wings, stinger 1, blurry
vision 1, cold-blooded, AC +6
a: Breathe Sticky Flame, Fly


Innate Abilities, Weirdness & Mutations

You can spit globs of burning liquid.
You can ignite nearby creatures when you spit burning liquid.
Your weird mottled scales are hard (AC +6).
Your body does not fit into most forms of armour.
You are cold-blooded and may be slowed by cold attacks.
Your large and strong wings let you fly indefinitely.
Your tail ends in a poisonous barb.
Scrolls take you a little longer to read.

Inventory:

Hand weapons
 p - a +2 morningstar of protection (weapon)
Armour
 q - a +0 cloak (worn)
Magical devices
 c - a wand of random effects (21)
 s - a wand of fire (10)
Scrolls
 d - 2 scrolls of fear
 k - a scroll of recharging
Potions
 e - a potion of brilliance {unknown}
 f - 4 potions of heal wounds
 h - a potion of might {unknown}
 j - a potion of haste
 n - a potion of cancellation {unknown}
 o - a potion of agility {unknown}
Books
 a - a book of Conjurations

   Spells                             Type                      Level
   a - Magic Dart                     Conjuration                  1
   b - Searing Ray                    Conjuration                  2
   c - Dazzling Spray                 Conjuration/Hexes            3
   d - Fulminant Prism                Conjuration/Hexes            4
   e - Iskenderun's Mystic Blast      Conjuration                  4
   f - Iskenderun's Battlesphere      Conjuration/Charms           5
Comestibles
 b - 3 bread rations
 m - a meat ration


   Skills:
 - Level 1.7 Dodging
 - Level 1.7 Stealth
 + Level 4.8 Spellcasting
 * Level 8.4 Conjurations


You had 12 spell levels left.
You knew the following spells:

 Your Spells              Type           Power        Failure   Level  Hunger
a - Magic Dart            Conj           ####         1%          1    None
b - Searing Ray           Conj           ####..       1%          2    #......


You were on level 3 of the Dungeon.
You were hungry.

You visited 1 branch of the dungeon, and saw 4 of its levels.

You collected 212 gold pieces.

.# ####....###########.)..# .#
##...................##.#
.######.......#####.....#####.#
..............# #...##..####)###
######........# #...###(.(..(...
## #(........####...#...()......
.# #.#...............(#####..###
#####)#.....#.#...........((.##
....)...........@..........#.####
..............#.##...###........#
#..............>##...# #........#
..#...........####..## #........#
###........#..## #.## #........#
# #.......(....###.# ###........#
# #.........##.##..###....<.....#
# #.........##.........#........#
###...........#.......##........#

Notes
Turn   | Place    | Note
--------------------------------------------------------------
     0 | D:1      | ololoev the Draconian Conjurer began the quest for the Orb.
     0 | D:1      | Reached XP level 1. HP: 14/14 MP: 3/3
   324 | D:1      | Reached XP level 2. HP: 15/20 MP: 5/5
   328 | D:1      | Learned a level 2 spell: Searing Ray
   892 | D:1      | Reached XP level 3. HP: 23/26 MP: 6/6
  1351 | D:2      | Found a stormy altar of Qazlal.
  1478 | D:2      | Reached skill level 5 in Conjurations
  1974 | D:3      | Reached XP level 4. HP: 33/33 MP: 2/7
  2835 | D:3      | Reached XP level 5. HP: 36/38 MP: 2/9
  3017 | D:3      | Reached skill level 6 in Conjurations
  3161 | D:4      | Noticed a phantom
  3213 | D:4      | Noticed Blork the orc
  3223 | D:4      | Killed Blork the orc
  3232 | D:4      | Killed a phantom
  3232 | D:4      | Reached XP level 6. HP: 27/45 MP: 1/11
  3416 | D:4      | Noticed Pikel
  3416 | D:4      | Noticed a slave
  3416 | D:4      | Noticed a slave
  3487 | D:4      | Noticed Natasha
  3494 | D:4      | Killed Natasha
  3499 | D:4      | Noticed Natasha
  3504 | D:4      | Killed Natasha
  3597 | D:4      | Found a snail-covered altar of Cheibriados.
  3623 | D:4      | Reached skill level 7 in Conjurations
  4011 | D:4      | Noticed Natasha
  4014 | D:4      | Killed Natasha
  4044 | D:4      | Noticed a slave
  4064 | D:4      | Killed a slave
  4135 | D:4      | Noticed a slave
  4146 | D:4      | Killed a slave
  4157 | D:3      | Killed Pikel
  4157 | D:3      | Reached skill level 8 in Conjurations
  4157 | D:3      | Your scales start taking on a weird mottled colour.
  4157 | D:3      | Reached XP level 7. HP: 42/50 MP: 2/14
  4159 | D:3      | Gained mutation: Scrolls take you a little longer to read. [potion of mutation]
  4159 | D:3      | Gained mutation: Your tail ends in a poisonous barb. [potion of mutation]
  4159 | D:3      | Gained mutation: Your large and strong wings let you fly indefinitely. [potion of mutation]
  4160 | D:3      | Quit the game

Dungeon Overview and Level Annotations

Branches:
Dungeon (4/15)
 Temple: D:4-7

Altars:
Cheibriados
Qazlal


Message History

That felt strangely unrewarding.
The searing ray hits Pikel.
Pikel is lightly wounded.
Pikel hits you but does no damage.
You climb upwards.
There is a stone staircase leading down here.
Pikel hits you with a whip of freezing. Pikel freezes you.
You feel yourself slow down.
You feel yourself speed up. Pikel hits you but does no damage.
Casting: Searing Ray
Confirm with . or Enter, or press ? or * to list all spells.
Aiming: Searing Ray
Press: ? - help, Shift-Dir - straight line, f - Pikel
Aim: Pikel, wielding a whip of freezing and wearing a robe (lightly wounded)
The searing ray hits Pikel.
Pikel is moderately wounded.
Pikel closely misses you.
The searing ray hits Pikel.
Pikel is moderately wounded.
The searing ray hits Pikel.
Pikel is severely wounded.
Pikel barely misses you.
The searing ray hits Pikel.
Pikel is almost dead.
Pikel hits you but does no damage.
You sock Pikel!
You kill Pikel!
Your Spellcasting skill increases to level 4!
Your Conjurations skill increases to level 8!
You have reached level 7!
Your scales start taking on a weird mottled colour.
Things that are here:
a whip of freezing; a robe; the big kobold corpse of Pikel Drink which item? (? for menu, Esc to quit)
You feel extremely strange.
Your vision blurs.
A poisonous barb forms on the end of your tail.
Your wings grow larger and stronger.
Are you sure you want to abandon this character and quit the game? (Confirm with "yes".)

There were no monsters in sight!

Vanquished Creatures
  Pikel (D:3)
  A phantom (D:4)
  2 slaves (D:4)
  Blork the orc (D:4)
  A gnoll shaman (D:4)
  An orc priest (D:3)
  Natasha (thrice) (D:4)
  An adder (D:2)
  8 gnolls
  A worm (D:3)
  4 giant geckos
  8 orcs (D:3)
  5 giant cockroaches
  7 goblins
  5 hobgoblins
  8 jackals
  A ball python (D:2)
  13 bats
  8 giant newts
  12 kobolds
  12 rats
103 creatures vanquished.

Action                   |  1- 3 |  4- 6 |  7- 9 || total
-------------------------+-------+-------+-------++-------
Melee: Mace              |   107 |    11 |       ||   118
       Whip              |     6 |       |       ||     6
       Morningstar       |       |    61 |       ||    61
       Dagger            |       |    30 |       ||    30
 Cast: Magic Dart        |     8 |     7 |       ||    15
       Searing Ray       |     2 |    22 |       ||    24
Evoke: Wand              |       |     2 |       ||     2
  Use: Scroll            |       |     8 |       ||     8
       Potion            |       |     3 |     1 ||     4
 Stab: Sleeping          |     4 |     1 |       ||     5
       Invisible         |       |     1 |       ||     1
  Eat: Chunk             |     4 |     5 |       ||     9
       Royal jelly       |       |     1 |       ||     1

Vault maps used:
D:1:      eino_arrival_druids_welcome, fountainhead
D:2:      first_bread, nicolae_qazlal_general_emergency
D:3:      minivault_4
D:4:      lemuel_round_altar, hangedman_decor_push, uniq_blork_the_orc,
          uniq_natasha, uniq_pikel
